Map: Dusk Towers

Players

Albion - Winner!

  • Race: Protoss Protoss

ganahal

  • Race: Terran Terran
  • League: Master

VOD

Have the link to the VOD?

Description

Time

  • Played on: March 13, 2016, 7:44 a.m.
  • Length: 7:13
Show
View Real Time Build Order
Export as new Build Order

Albion Protoss - Winner!

Build Orders: 1 Gate Expand, Oracle Opening 

Get SALT Encoding   

  12  0:01  Probe (Chrono Boost)  
  13  0:11  Probe (Chrono Boost)  
  14  0:18  Pylon  
  14  0:22  Probe (Chrono Boost)  
  15  0:36  Probe (Chrono Boost)  
  15  0:37  Gateway  
  16  0:47  Probe (Chrono Boost)  
  16  0:48  Assimilator  
  17  0:57  Probe (Chrono Boost)  
  18  1:08  Probe (Chrono Boost)  
  19  1:20  Nexus  
  19  1:23  Probe (Chrono Boost)  
  20  1:32  Cybernetics Core  
  20  1:35  Probe (Chrono Boost)  
  21  1:40  Assimilator  
  21  1:46  Probe (Chrono Boost)  
  22  1:51  Pylon  
  22  1:56  Probe (Chrono Boost)  
  23  2:09  Adept (Chrono Boost)  
  23  2:11  Probe  
  23  2:12  Warp Gate  
  26  2:23  Probe (Chrono Boost)  
  27  2:33  Adept  
  29  2:41  Stargate  
  29  2:43  Probe x2 (Chrono Boost)  
  31  2:53  Probe x2 (Chrono Boost)  
  33  3:00  Adept  
  33  3:04  Probe x2 (Chrono Boost)  
  37  3:13  Pylon  
  37  3:14  Probe x2 (Chrono Boost)  
  39  3:24  Probe, Oracle (Chrono Boost)  
  39  3:26  Probe  
  44  3:29  Nexus  
  44  3:34  Pylon  
  44  3:35  Probe  
  44  3:38  Probe  
  44  3:40  Assimilator  
  46  3:52  Probe  
  46  3:54  Probe  
  48  3:56  Oracle (Chrono Boost)  
  48  4:00  Assimilator  
  50  4:12  Gateway x2  
  47  4:17  Probe  
  48  4:30  Phoenix (Chrono Boost)  
  49  4:31  Probe  
  49  4:32  Probe  
  51  4:41  Probe  
  52  4:49  Probe  
  53  4:53  Mothership Core  
  53  4:58  Probe  
  53  4:59  Probe  
  57  5:09  Probe  
  57  5:10  Pylon, Probe  
  59  5:14  Probe  
  59  5:16  Robotics Facility  
  59  5:18  Forge  
  59  5:19  Probe  
  61  5:21  Probe  
  61  5:22  Phoenix (Chrono Boost)  
  61  5:26  Probe  
  65  5:31  Probe, Adept x3  
  65  5:34  Probe  
  72  5:42  Pylon, Probe x2  
  74  5:45  Pylon  
  74  5:46  Phoenix (Chrono Boost)  
  74  5:48  Probe  
  78  5:55  Probe  
  78  5:56  Probe  
  80  5:58  Probe  
  81  6:06  Fleet Beacon  
  81  6:11  Pylon, Adept x3  
  83  6:27  Photon Cannon  
  83  6:28  Photon Cannon x2  
  83  6:29  Photon Cannon  
  83  6:30  Photon Cannon  
  83  6:33  Adept x2  
  83  6:37  Phoenix (Chrono Boost)  
  73  6:55  Adept x3  
Show
View Real Time Build Order
Export as new Build Order

ganahal Terran 

Build Orders: 1/1/1 

Get SALT Encoding   

  12  0:01  SCV  
  13  0:13  SCV  
  14  0:17  Supply Depot  
  14  0:25  SCV  
  15  0:30  Refinery  
  15  0:39  SCV  
  16  0:45  Barracks  
  16  0:51  SCV  
  17  1:03  SCV  
  18  1:15  SCV  
  19  1:32  Orbital Command, Marine  
  19  1:38  Factory  
  20  1:47  Supply Depot  
  20  1:50  Marine  
  21  1:57  SCV  
  22  2:08  Marine  
  22  2:09  SCV  
  24  2:23  Hellion  
  24  2:25  Starport  
  24  2:27  Marine  
  24  2:29  SCV  
  28  2:31  Supply Depot  
  28  2:40  Refinery  
  28  2:41  SCV  
  28  2:43  Barracks  
  29  2:45  Marine  
  30  2:53  Hellion  
  30  2:57  SCV  
  33  3:01  Supply Depot  
  33  3:03  Medivac  
  35  3:10  SCV, Barracks  
  36  3:15  Barracks Tech Lab  
  36  3:24  Widow Mine  
  39  3:32  Barracks Tech Lab  
  39  3:34  Supply Depot  
  38  3:37  Marine  
  38  3:39  Stimpack  
  39  3:56  Factory Tech Lab  
  39  3:57  Starport Tech Lab  
  39  3:58  Marine x2  
  41  4:03  Supply Depot  
  41  4:14  Marine  
  42  4:17  Siege Tank  
  42  4:18  Banshee, Marine  
  42  4:21  Marine  
  39  4:42  Marine  
  37  4:46  Marine  
  38  5:07  Marine x2  
  38  5:09  Hellion  
  38  5:11  Banshee  
  45  5:17  Marine  
  46  5:25  Marine  
  47  5:30  Siege Tank  
  47  5:34  Marine  
  51  5:42  Marine x2  
  53  5:52  Marine  
  53  5:56  Supply Depot  
  54  5:57  Banshee  
  54  6:00  Marine  
  53  6:40  Marine  
  53  6:44  Barracks x2  
  53  6:45  Barracks  
Tags
 
Add a new tag
Caveats
  • Supply blocks, unpowered buildings, or Contaminate may cause inaccurate times.
  • Supply counts are checked every 10 seconds.